cohdb
Replays
Latest Replays
All Replays
Popular Replays
Top Player Replays
Match Explorer
How It Works
Community
CoH3 Stats
Reddit
Sign in to upload your games and track your stats! →
Sign in with Steam
Match 42346454
Unlisted
Match 42346454
Overview
Messages
Build Orders
End
Selects Airborne Battlegroup
Selects Pathfinders
Pathfinder Squad
Construct Weapon Support Center
M1919 Machine Gun Team
Infantry Support Center
Engineer Squad
Selects Paratrooper Squad Paradrop
Paratrooper Squad Paradrop
M1919 Machine Gun Team
Construct Barracks
Advanced Logistics
Selects Recon Loiter
Construct Medical Station
Munitions Surplus
Pathfinder Squad
Pathfinder Squad
M1 Mortar Team
Selects Supply Drop
Improved M9 Bazooka Rockets
Hshm96
moe_big90
gUi
chasis
Pabu in a bowl
Starlight
bigbudaty
✚ N1MUS
0
0
Comments
sign in to comment!
No comments posted yet!